 Dungeon Crawl Stone Soup version 0.27-b1-42-g19c61b19a5 (webtiles) character file.

Game seed: 4720661173006689091

54 infcreate the Skirmisher (level 3, 24/24 HPs)
             Began as a Gargoyle Fighter on July 29, 2021.
             Quit the game on level 2 of the Dungeon.
             The game lasted 00:05:14 (1915 turns).

infcreate the Skirmisher (Gargoyle Fighter)         Turns: 1915, Time: 00:05:15

Health: 24/24      AC: 10    Str: 20    XL:     3   Next: 91%
Magic:  3/3        EV:  7    Int:  8    God:
Gold:   39         SH:  9    Dex:  9    Spells: 2/2 levels left

rFire    . . .     SeeInvis .   a - +0 flail
rCold    . . .     Faith    .   c - +0 kite shield
rNeg     + . .     Spirit   .   b - +0 scale mail
rPois    ∞         Reflect  .   h - +0 hat
rElec    +         Harm     .   (no cloak)
rCorr    .         Rampage  .   (no gloves)
Will     .....                  (no boots)
Stlth    ..........             (no amulet)
HPRegen  0.08/turn              (no ring)
MPRegen  0.08/turn              (no ring)

@: no status effects
A: sickness immunity, AC +3, negative energy resistance 1, electricity
resistance, torment resistance 1, petrification resistance
a: no special abilities


You were on level 2 of the Dungeon.
You visited 1 branch of the dungeon, and saw 2 of its levels.

You collected 39 gold pieces.


Innate Abilities, Weirdness & Mutations

You are immune to sickness and miasma.
Your stone body is resilient. (AC +3)
You are immune to poison.
You resist negative energy. (rN+)
You are resistant to electric shocks. (rElec)
You are resistant to unholy torment.
You are immune to petrification.


   Skills:
 + Level 3.8 Fighting
 + Level 2.6 Maces & Flails
 + Level 3.8 Armour
 + Level 3.8 Shields


You had 2 spell levels left.
You didn't know any spells.
Your spell library contained the following spells:

 Spells                   Type           Power      Damage    Failure   Level
 Call Canine Familiar     Summ           0%         N/A       100%        3
 Gell's Gravitas          Tloc           0%         N/A       100%        3
 Lesser Beckoning         Tloc           0%         N/A       100%        3
 Portal Projectile        Hex/Tloc       0%         N/A       100%        3
 Teleport Other           Tloc           0%         N/A       100%        3
 Leda's Liquefaction      Hex/Erth       0%         N/A       100%        4

Inventory:

Hand Weapons
 a - a +0 flail (weapon)
Armour
 b - a +0 scale mail (worn)
 c - a +0 kite shield (worn)
 h - a +0 hat (worn)
Jewellery
 F - a ring of protection from fire
 Y - a +4 ring of slaying
Scrolls
 f - a scroll of teleportation {unknown}
 g - a scroll of immolation {unknown}
 i - a scroll of identify {unknown}
Potions
 d - a potion of might
 e - a potion of magic {unknown}
 j - a potion of attraction {unknown}
 k - a potion of heal wounds {unknown}
 l - a potion of cancellation {unknown}

Dungeon Overview and Level Annotations

Branches:
Dungeon (2/15)

Altars:

Annotations:
D:2 Sigmund

....# #... ###.# #..#
#.# #.# #..# #.# #.#
#..# #.#
###.#####..## #.#
.......)..>.# #.# #
#########.#.####.##.#
# #.#.........# #
#.######@#### #
#........# ##########


There were no monsters in sight!


Message History

You now have 39 gold pieces (gained 8).
Found a stone staircase leading down.
A kobold comes into view. It is wielding a +0 dagger.
The kobold shouts!
A kobold comes into view. It is wielding a +0 whip.
A hobgoblin comes into view.
The hobgoblin shouts!
You hit the kobold.
The kobold is heavily wounded.
The kobold hits you but does no damage. The kobold hits you with a +0 dagger.
You hit the kobold.
You kill the kobold!
The kobold hits you but does no damage.
You hit the kobold.
You kill the kobold!
You block the hobgoblin's attack.
You barely miss the hobgoblin. You block the hobgoblin's attack.
You thump the hobgoblin!
You kill the hobgoblin!
No target in view!
No target in view!
Things that are here:
a +0 whip; a stone; a +0 dagger
Found a fuming green potion.
l - a fuming green potion
Things that are here:
a +0 whip; a stone; a +0 dagger
There is a stone staircase leading down here.
There is a stone staircase leading down here.
Are you sure you want to abandon this character and quit the game? (Confirm with "yes".)

Action                   || total
-------------------------++-------
Melee: Flail             ||   122
Armor: Scale mail        ||    50
Dodge: Dodged            ||    34
Block: Kite shield       ||    70

Levels and vault maps discovered:
D:1:      evilmike_arrival_come_back, layout_basic,
          dreamdust_ecumenical_altar_angels_and_demons,
          chequers_serial_rivers_micro_e, patterned_corridor
D:2:      layout_loops_ring, uniq_sigmund

Notes
Turn   | Place    | Note
-------+----------+-------------------------------------------
     0 | D:1      | infcreate the Gargoyle Fighter began the quest for the Orb.
     0 | D:1      | Reached XP level 1. HP: 14/14 MP: 1/1
    10 | D:1      | Noticed an ogre
   212 | D:1      | Reached XP level 2. HP: 17/19 MP: 2/2
   679 | D:1      | Reached XP level 3. HP: 23/23 MP: 3/3
   887 | D:1      | Found a faded altar of an unknown god.
  1158 | D:2      | Noticed Sigmund
  1915 | D:2      | Quit the game

Vanquished Creatures
  An adder (D:1)
  A worm (D:2)
  A dart slug (D:2)
  5 endoplasms (D:1)
  2 goblins (D:1)
  4 hobgoblins
  5 quokkas
  3 ball pythons (D:1)
  3 bats (D:1)
  6 frilled lizards
  6 kobolds
  2 rats (D:2)
39 creatures vanquished.

Table legend: (Time is in decaauts)
 A = Elapsed time spent in this place.
 B = Non-inter-level travel time spent in this place.
 C = Inter-level travel time spent in this place.
 D = Time resting spent in this place.
 E = Time spent auto-exploring this place.
 F = Levels seen in this place.
 G = Mean time per level.
                   A        B        C        D        E       F      G
               +--------+--------+--------+--------+--------+-----+--------+
         Total |   1980 |    801 |   1179 |    453 |      0 |   2 |  990.0 |
       Dungeon |   1980 |    801 |   1179 |    453 |      0 |   2 |  990.0 |
               +--------+--------+--------+--------+--------+-----+--------+

Top non-repeatable levels by time:
     D:1: 1270 daAuts
     D:2: 710 daAuts

Table legend:
 A = Non-vault XP
 B = Vault XP
 C = Vault XP percentage of total XP
 D = Non-vault monster count
 E = Vault monster count
 F = Vault count percentage of total count
                 A         B        C        D         E       F
            +---------+---------+-------+---------+---------+-------
      Total |      78 |       0 |   0.0 |      39 |       0 |   0.0
            +---------+---------+-------+---------+---------+-------
        D:1 |      53 |       0 |   0.0 |      26 |       0 |   0.0
        D:2 |      25 |       0 |   0.0 |      13 |       0 |   0.0
            +---------+---------+-------+---------+---------+-------
